 Dungeon Crawl Stone Soup version 0.21.1-1-g345015fe64 (webtiles) character file.

10133 Peloso the Carver (level 11, -8/83 HPs)
             Began as a Demonspawn Fighter on Apr 14, 2018.
             Was a High Priest of Okawaru.
             Killed from afar by an electric eel (11 damage)
             ... with a bolt of electricity
             ... on level 11 of the Dungeon.
             The game lasted 00:32:13 (12877 turns).

Peloso the Carver (Demonspawn Fighter)             Turns: 12877, Time: 00:32:14

Health: -8/83      AC: 20    Str: 25    XL:     11   Next: 32%
Magic:  0/12       EV: 11    Int:  9    God:    Okawaru [*****.]
Gold:   499        SH: 16    Dex: 13    Spells: 10/10 levels left

rFire    + . .     SeeInvis .   A - +5 scimitar (curse)
rCold    . . .     Gourm    .   c - +2 shield
rNeg     . . .     Faith    .   F - +0 plate armour
rPois    .         Spirit   +   (helmet restricted)
rElec    .         Reflect  .   (no cloak)
rCorr    .         Harm     .   (no gloves)
MR       .....                  (no boots)
Stlth    ..........             i - amulet of rage
HPRegen  0.23/turn              b - +3 ring of protection
MPRegen  0.26/turn              D - ring of protection from fire

@: mighty, heroism, drained
A: antennae 2, slimy green scales 1, demonic guardian 1, magic shield, magic
regeneration
a: Heroism, Finesse, Renounce Religion, Evoke Berserk Rage


You were on level 11 of the Dungeon.
You worshipped Okawaru.
Okawaru was extremely pleased with you.
You were not hungry.

You visited 2 branches of the dungeon, and saw 12 of its levels.
You also visited: Sewer.

You collected 499 gold pieces.

Inventory:

Hand Weapons
 a - a +6 falchion
 A - a cursed +5 scimitar (weapon)
 B - a +2 hand axe of flaming
Armour
 c - a +2 shield (worn)
 F - a +0 plate armour (worn)
Jewellery
 b - a +3 ring of protection (left hand)
 i - an amulet of rage (around neck)
 q - a +2 ring of intelligence
 D - a ring of protection from fire (right hand)
Wands
 t - a wand of iceblast (7)
Scrolls
 g - 9 scrolls of identify
 h - 4 scrolls of fog
 j - 7 scrolls of remove curse
 o - 3 scrolls of amnesia
 s - 7 scrolls of teleportation
 u - a scroll of blinking
 y - 2 scrolls of enchant weapon
Potions
 d - 3 potions of might
 e - 2 potions of invisibility
 k - 8 potions of curing
 l - 2 potions of ambrosia
 n - 4 potions of flight
 p - 2 potions of brilliance
 r - 2 potions of agility
 v - a potion of heal wounds
 w - 2 potions of magic
 x - 2 potions of haste
Books
 m - a book of Debilitation

   Spells                             Type                      Level
   a - Corona                         Hexes                        1
   b - Slow                           Hexes                        2
   c - Inner Flame                    Hexes/Fire                   3
   d - Portal Projectile              Hexes/Translocation          3
   e - Cause Fear                     Hexes                        4
   f - Leda's Liquefaction            Hexes/Earth                  4
 C - a book of Maledictions

   Spells                             Type                      Level
   a - Corona                         Hexes                        1
   b - Ensorcelled Hibernation        Hexes/Ice                    2
   c - Confuse                        Hexes                        3
   d - Tukima's Dance                 Hexes                        3
   e - Dazzling Spray                 Conjuration/Hexes            3
Comestibles
 f - 17 rations
 z - 2 chunks of flesh


   Skills:
 + Level 6.7(11.6) Fighting
 + Level 10.1(15.1) Long Blades
 + Level 7.8(12.8) Armour
 + Level 3.3(8.3) Dodging
 + Level 1.9(6.9) Stealth
 + Level 8.7(13.7) Shields
 + Level 2.0(1.9) Invocations


You had 10 spell levels left.
You didn't know any spells.

Dungeon Overview and Level Annotations

Branches:
Dungeon (11/15)            Temple (1/1) D:5            Lair (0/6) D:11
    Orc: D:9-12

Altars:
Ashenzari
Cheibriados
Dithmenos
Fedhas
Gozag
Hepliaklqana
Kikubaaqudgha
Makhleb
Nemelex Xobeh
Okawaru
Qazlal
Ru
Trog
Xom
Yredelemnul


Innate Abilities, Weirdness & Mutations

You have a pair of antennae on your head.
You are partially covered in slimy green scales. (AC +2)
A weak demonic guardian rushes to your aid.
When hurt, damage is shared between your health and your magic reserves.
You regenerate magic rapidly.


Message History

Your iron imp hits asdpro's ghost!
You barely miss asdpro's ghost.
Asdpro's ghost is severely damaged.
Your ufetubus disappears in a puff of smoke!
Unknown command.
You closely miss asdpro's ghost.
Asdpro's ghost is severely damaged.
The electric eel shoots out a bolt of lightning at you!
The bolt of electricity hits you!
* * * LOW HITPOINT WARNING * * *
The bolt of electricity hits the plant.
Asdpro's ghost hits you but does no damage.
Your iron imp barely misses asdpro's ghost.
You slice asdpro's ghost!!
You destroy asdpro's ghost!
Okawaru is honoured by your kill.
Your base Invocations skill increases to level 2!
The electric eel shoots out a bolt of lightning at you!
The bolt of electricity hits you!
You die...

####### #.P...P##
...P..P.## #.P#.#
P.≈...5P.##
...#.##
.≈≈≈$..@.P#
.P≈P..#
≈≈≈≈≈≈≈...#
≈≈≈≈..##
≈≈≈#;§#≈.P#
≈≈≈≈≈P.# ≈
#≈≈#≈≈.# .≈≈≈≈≈.##
#≈ #≈≈≈#
#≈≈≈#≈≈.## ##
#≈≈## ##.###≈≈≈#{
##≈# #...#...≈#
#####.##
.........###....##


You could see an electric eel and a friendly iron imp.

Vanquished Creatures
  The ghost of asdpro the Severer, a journeyman MiBe of Trog (D:11)
  The ghost of Bal the Spear-Bearer, a novice MiFi of Wu Jian (D:8)
  An unseen horror (D:10)
  Joseph (D:8)
  Prince Ribbit (D:6)
  A hornet (D:11)
  3 hippogriffs
  Sigmund (D:3)
  9 yaks
  A centaur simulacrum (D:10)
  A wraith (D:10)
  The ghost of htuhola the Poker, an amateur DsGl (D:4)
  A hungry ghost (D:8)
  2 porcupines (D:11)
  2 black bears
  5 ice beasts
  3 orc warriors
  A sky beast (D:5)
  4 ogres
  Blork the orc (D:4)
  3 big kobolds
  5 bullfrogs (D:11)
  A gnoll sergeant (D:8)
  A scorpion (D:4)
  7 howler monkeys
  6 wights
  2 electric eels (D:11)
  5 crimson imps
  2 centaur zombies
  A bullfrog zombie (D:6)
  2 hounds
  2 jellies
  4 orc priests
  2 bullfrog skeletons
  A centaur skeleton (D:5)
  7 orc wizards
  A gnoll shaman (D:6)
  3 iguanas
  Ijyb (D:3)
  Natasha (thrice) (D:4)
  6 worker ants
  A worker ant zombie (D:10)
  Robin (D:1)
  A howler monkey zombie (D:10)
  13 gnolls
  10 adders
  A howler monkey skeleton (D:9)
  2 shadow imps
  3 oozes
  An adder skeleton (D:6)
  A worm (D:3)
  A dart slug (D:2)
  6 leopard geckos
  23 orcs
  5 giant cockroaches
  11 goblins
  19 hobgoblins
  21 jackals
  3 quokkas
  10 ball pythons
  12 bats
  6 frilled lizards
  14 kobolds
  A leopard gecko skeleton (D:6)
  9 rats
  6 plants (Sewer)
287 creatures vanquished.

Vanquished Creatures (collateral kills)
  A centaur zombie (D:11)
  A yak (D:9)
  A steam dragon (D:9)
  An ogre (D:7)
  An ice beast (D:8)
  2 bullfrogs
  2 scorpions
  3 wights (D:7)
  An orc priest (D:4)
  An orc wizard (D:7)
  A jelly (D:8)
  An adder skeleton (D:8)
  7 orcs
  A kobold (D:8)
  A quokka (D:7)
25 creatures vanquished.

Vanquished Creatures (others)
  An orc wizard (D:6)
  38 fungi (D:11)
  22 plants (D:11)
61 creatures vanquished.

Grand Total: 373 creatures vanquished

Notes
Turn   | Place    | Note
-------+----------+-------------------------------------------
     0 | D:1      | Peloso the Demonspawn Fighter began the quest for the Orb.
     0 | D:1      | Reached XP level 1. HP: 18/18 MP: 1/1
    49 | D:1      | Gained mutation: When hurt, damage is shared between your health and your magic reserves. [demonic ancestry]
    49 | D:1      | Reached XP level 2. HP: 23/24 MP: 2/2
   247 | D:1      | Reached XP level 3. HP: 29/29 MP: 3/3
   392 | D:1      | You fall through a shaft!
   409 | D:2      | Reached skill level 2 in Long Blades
   844 | D:2      | Noticed Robin
  1029 | D:1      | Killed Robin
  1029 | D:1      | Gained mutation: You are partially covered in slimy green scales. (AC +2) [demonic ancestry]
  1029 | D:1      | Reached XP level 4. HP: 32/35 MP: 4/4
  2175 | D:3      | Gained mutation: A weak demonic guardian rushes to your aid. [demonic ancestry]
  2175 | D:3      | Reached XP level 5. HP: 34/41 MP: 3/5
  2271 | D:3      | Noticed Ijyb
  2273 | D:3      | Noticed Sigmund
  2284 | D:3      | Killed Ijyb
  2289 | D:3      | Killed Sigmund
  2289 | D:3      | Reached skill level 3 in Long Blades
  2289 | D:3      | Reached skill level 1 in Dodging
  2289 | D:3      | Reached XP level 6. HP: 37/48 MP: 4/6
  2435 | D:3      | Found a shimmering altar of Xom.
  2680 | D:4      | Found a blossoming altar of Fedhas.
  2863 | D:4      | Noticed Blork the orc
  2884 | D:4      | Killed Blork the orc
  3183 | D:4      | Reached skill level 4 in Long Blades
  3183 | D:4      | Gained mutation: You have a pair of small antennae on your head. [demonic ancestry]
  3183 | D:4      | Reached XP level 7. HP: 37/54 MP: 5/7
  3424 | D:4      | Noticed htuhola's ghost (amateur DsGl)
  3871 | D:4      | Noticed Natasha
  4014 | D:4      | Killed Natasha
  4033 | D:4      | Noticed Natasha
  4043 | D:4      | Killed Natasha
  4058 | D:4      | Noticed Natasha
  4067 | D:4      | Killed Natasha
  4067 | D:4      | Reached skill level 5 in Shields
  4086 | D:4      | Killed htuhola's ghost
  4407 | D:5      | Entered Level 5 of the Dungeon
  4410 | D:5      | Found a glowing drain.
  4468 | Sewer    | Entered a sewer
  5521 | D:5      | Found a staircase to the Ecumenical Temple.
  5542 | Temple   | Entered the Ecumenical Temple
  5571 | Temple   | Became a worshipper of Warmaster Okawaru
  5639 | D:5      | Reached skill level 5 in Long Blades
  5847 | D:5      | Gained mutation: You have a pair of antennae on your head. [demonic ancestry]
  5847 | D:5      | Reached XP level 8. HP: 53/60 MP: 6/8
  6028 | D:6      | Found a snail-covered altar of Cheibriados.
  6270 | D:6      | Reached * piety under Okawaru
  6623 | D:6      | Noticed Prince Ribbit
  6914 | D:6      | Killed Prince Ribbit
  6914 | D:6      | Reached skill level 6 in Long Blades
  6914 | D:6      | Reached skill level 1 in Stealth
  6941 | D:6      | Reached skill level 5 in Armour
  7037 | D:7      | HP: 3/61 [iguana (6)]
  7245 | D:7      | Reached XP level 9. HP: 43/67 MP: 6/9
  7651 | D:7      | Reached ** piety under Okawaru
  8031 | D:8      | Reached skill level 7 in Long Blades
  8048 | D:8      | Reached skill level 5 in Fighting
  8088 | D:8      | Noticed Bal's ghost (novice MiFi)
  8539 | D:8      | Killed Bal's ghost
  8858 | D:8      | Found a snail-covered altar of Cheibriados.
  8874 | D:8      | Reached skill level 8 in Long Blades
  9048 | D:8      | Noticed Joseph
  9059 | D:8      | Killed Joseph
  9059 | D:8      | Reached *** piety under Okawaru
  9159 | D:8      | Gained mutation: You regenerate magic rapidly. [demonic ancestry]
  9159 | D:8      | Reached XP level 10. HP: 75/75 MP: 10/10
  9968 | D:9      | Found a bloodstained altar of Trog.
 10205 | D:10     | Entered Level 10 of the Dungeon
 10364 | D:9      | Reached **** piety under Okawaru
 10557 | D:10     | Reached skill level 1 in Invocations
 10561 | D:10     | HP: 2/76 [orc warrior/battleaxe (9)]
 11286 | D:10     | Reached skill level 9 in Long Blades
 11456 | D:10     | Killed an unseen horror
 11878 | D:11     | Reached ***** piety under Okawaru
 11884 | D:11     | Paralysed by a hornet for 2 turns
 11891 | D:11     | Reached XP level 11. HP: 58/82 MP: 7/11
 12221 | D:11     | Found a staircase to the Lair.
 12786 | D:11     | Reached skill level 10 in Long Blades
 12857 | D:11     | Noticed asdpro's ghost (journeyman MiBe)
 12876 | D:11     | HP: 3/83 [electric eel/bolt of electricity (8)]
 12877 | D:11     | Killed asdpro's ghost
 12877 | D:11     | Killed from afar by an electric eel

Skill      XL: |  1  2  3  4  5  6  7  8  9 10 11 |
---------------+----------------------------------+-----
Shields        | 3 4 5 6 7 8 |  8.7
Armour         | 3 4 5 6 7 |  7.8
Long Blades    | 2 3 4 5 6 8 9 10 | 10.1
Dodging        | 1 2 3 |  3.3
Fighting       | 4 5 6 |  6.7
Stealth        | 1 |  1.9
Invocations    | 1 2 |  2.0

Action                   |  1- 3 |  4- 6 |  7- 9 | 10-12 || total
-------------------------+-------+-------+-------+-------++-------
Melee: Long sword        |   121 |   162 |   643 |       ||   926
       Falchion          |       |       |   192 |   462 ||   654
       Scimitar          |       |       |       |    16 ||    16
Invok: Heroism           |       |       |     5 |     5 ||    10
Evoke: Wand              |       |       |       |     1 ||     1
  Use: Scroll            |       |     8 |     9 |     3 ||    20
       Potion            |       |     1 |     3 |     3 ||     7
 Stab: Distracted        |       |       |     5 |     1 ||     6
  Eat: Chunk             |       |     6 |    16 |    11 ||    33
       Ration            |       |       |     2 |     1 ||     3
Armor: Scale mail        |    58 |   107 |     1 |       ||   166
       Chain mail        |       |       |   269 |       ||   269
       Plate armour      |       |       |    55 |   179 ||   234
Dodge: Dodged            |    24 |    86 |   164 |    65 ||   339
Block: Shield            |    55 |   118 |   466 |   231 ||   870
       Rpst.: Long sword |     8 |    31 |    34 |       ||    73
       Falchion          |       |       |     7 |    23 ||    30
